 Dungeon Sprint DCSS version 0.23.2-11-gf996548c65 (webtiles) character file.

Game seed: 13670855711109784558

116020 wilfster70 the Sniper (level 17, -6/158 HPs)
             Began as a Formicid Hunter on June 5, 2019.
             Was the Champion of Qazlal.
             Killed from afar by an orb of fire (24 damage)
             ... with a fireball
             ... in the Dungeon (Sprint V: "Ziggurat Sprint").
             The game lasted 00:19:28 (1624 turns).

wilfster70 the Sniper (Formicid Hunter)             Turns: 1624, Time: 00:19:28

Health: -6/158     AC: 28    Str: 37      XL:     17   Next: 25%
Magic:  0/32       EV:  7    Int: 18 (19) God:    Qazlal [******]
Gold:   0          SH: 39    Dex: 11      Spells: 16/16 levels left

rFire    + + .     SeeInvis +   b - +5 broad axe (flame)
rCold    + + .     Gourm    .   x - +18 shield of the Gong {rElec rN+ MR+ EV-5}
rNeg     + . .     Faith    .   l - +9 gold dragon scales
rPois    +         Spirit   +   (helmet unavailable)
rElec    +         Reflect  .   (no cloak)
rCorr    .         Harm     .   D - +1 pair of gloves of Poor Excuses {rPois MR++ Int+4 Dex-4}
MR       ++++.                  H - +1 pair of boots "Solag" {rC+}
Stlth    ..........             I - amulet of Gaphost {Spirit Str+6}
HPRegen  0.36/turn              B - +6 ring of strength
MPRegen  0.23/turn              A - ring "Issayss" {rElec rPois Int+2 Dex+6}

@: mighty, protected from fire, repel missiles
A: permanent stasis, dig shafts and tunnels, four strong arms, antennae 3,
clumsy 1, deformed body, deterioration 1, dopey 1, no potion heal 1, subdued
magic 1
a: Dig, Upheaval, Elemental Force, Disaster Area, Renounce Religion


You were in the Dungeon.
You worshipped Qazlal.
Qazlal was exalted by your worship.
You were not hungry.

You visited 1 branch

Inventory:

Hand Weapons
 a - the +9 heavy crossbow "Sniper" {velocity, Acc+∞ SInv}
   (You found it in the Dungeon)

   Any bolt fired from it inflicts extra damage.
   It lets you see invisible.
 b - a +5 broad axe of flaming (weapon)
Missiles
 d - 1011 bolts
Armour
 l - +9 gold dragon scales (worn)
 x - the +18 shield of the Gong (worn) {rElec rN+ MR+ EV-5}
   (You found it in the Dungeon)

   It affects your evasion (-5).
   It insulates you from electricity.
   It protects you from negative energy.
   It affects your resistance to hostile enchantments.
 D - the +1 pair of gloves of Poor Excuses (worn) {rPois MR++ Int+4 Dex-4}
   (You found it in the Dungeon)

   It affects your intelligence (+4).
   It affects your dexterity (-4).
   It protects you from poison.
   It affects your resistance to hostile enchantments.
 G - the +8 orange crystal plate armour {Archmagi, Int+3 Clar}
   (You found it in the Dungeon)

   It affects your intelligence (+3).
   It protects you against confusion.
 H - the +1 pair of boots "Solag" (worn) {rC+}
   (You found it in the Dungeon)

   It protects you from cold.
Jewellery
 A - the ring "Issayss" (right hand) {rElec rPois Int+2 Dex+6}
   (You found it in the Dungeon)

   [ring of dexterity]

   It affects your intelligence (+2).
   It affects your dexterity (+6).
   It insulates you from electricity.
   It protects you from poison.
 B - a +6 ring of strength (left hand)
 C - the ring "Cits" {rF+ Stlth+}
   (You took it off a frost giant in the Dungeon)

   [ring of protection from fire]

   It protects you from fire.
   It makes you more stealthy.
 I - the amulet of Gaphost (around neck) {Spirit Str+6}
   (You found it in the Dungeon)

   [amulet of guardian spirit]

   It causes incoming damage to be split between your health and magic.
   It affects your strength (+6).
Wands
 u - a wand of disintegration (7)
 v - a wand of iceblast (7)
 w - a wand of acid (7)
Scrolls
 c - 4 scrolls of amnesia
 h - 7 scrolls of fog
 j - a scroll of holy word
 k - 5 scrolls of identify
 m - 5 scrolls of remove curse
 n - 2 scrolls of fear
Potions
 e - 10 potions of curing
 g - 5 potions of heal wounds
 i - 5 potions of magic
 o - 2 potions of brilliance
 p - 2 potions of invisibility
 q - 4 potions of resistance
 s - 5 potions of agility
 t - 4 potions of might
Miscellaneous
 y - 5 sacks of spiders
 z - 7 boxes of beasts
 E - 2 phantom mirrors
 F - a lamp of fire
Comestibles
 f - 7 rations


   Skills:
 + Level 21.5 Fighting
 - Level 10.0 Axes
 - Level 26.0 Crossbows
 - Level 15.0 Armour
 - Level 12.0 Dodging
 - Level 6.3 Stealth
 - Level 9.2 Shields
 + Level 22.5 Invocations
 - Level 15.1 Evocations


You had 16 spell levels left.
You didn't know any spells.
Your spell library contained the following spells:

 Spells                   Type           Power        Failure   Level  Hunger
 Apportation              Tloc           #.....       89%         1    ##.....
 Confusing Touch          Hex            #.....       89%         1    ##.....
 Corona                   Hex            #......      89%         1    ##.....
 Flame Tongue             Conj/Fire      #....        89%         1    ##.....
 Freeze                   Ice            #...         89%         1    ##.....
 Infusion                 Chrm           #...         89%         1    ##.....
 Magic Dart               Conj           #...         89%         1    ##.....
 Sandblast                Erth           #.....       89%         1    ##.....
 Shock                    Conj/Air       #...         89%         1    ##.....
 Sting                    Conj/Pois      #...         89%         1    ##.....
 Summon Butterflies       Summ           #.......     89%         1    ##.....
 Summon Small Mammal      Summ           #...         89%         1    ##.....
 Call Imp                 Summ           #.......     96%         2    ###....
 Ensorcelled Hibernation  Hex/Ice        #.....       96%         2    ###....
 Passwall                 Tmut/Erth      #.......     96%         2    ###....
 Poisonous Vapours        Pois/Air       #.....       96%         2    ###....
 Shroud of Golubria       Chrm/Tloc      #.........   96%         2    ###....
 Slow                     Hex            #.......     96%         2    ###....
 Song of Slaying          Chrm           #.......     96%         2    ###....
 Sublimation of Blood     Necr           #.........   96%         2    ###....
 Throw Flame              Conj/Fire      #.....       96%         2    ###....
 Throw Frost              Conj/Ice       #.....       96%         2    ###....
 Call Canine Familiar     Summ           #.......     99%         3    ####...
 Confuse                  Hex            #.......     99%         3    ####...
 Conjure Flame            Conj/Fire      #.......     99%         3    ####...
 Dazzling Spray           Conj/Hex       #.....       99%         3    ####...
 Gell's Gravitas          Tloc           #.........   99%         3    ####...
 Ignite Poison            Fire/Tmut/Pois #.......     99%         3    ####...
 Inner Flame              Hex/Fire       #.......     99%         3    ####...
 Lesser Beckoning         Tloc           #.........   99%         3    ####...
 Mephitic Cloud           Conj/Pois/Air  #.......     99%         3    ####...
 Ozocubu's Armour         Chrm/Ice       #.......     99%         3    ####...
 Regeneration             Chrm/Necr      #.........   99%         3    ####...
 Spectral Weapon          Hex/Chrm       #.......     99%         3    ####...
 Spider Form              Tmut/Pois      #.........   99%         3    ####...
 Stone Arrow              Conj/Erth      #.....       99%         3    ####...
 Summon Guardian Golem    Hex/Summ       #.......     99%         3    ####...
 Teleport Other           Tloc           #.......     99%         3    ####...
 Tukima's Dance           Hex            #.......     99%         3    ####...
 Leda's Liquefaction      Hex/Erth       #.........   100%        4    #####..
 Olgreb's Toxic Radiance  Pois           #.......     100%        4    #####..
 Passage of Golubria      Tloc           N/A          100%        4    #####..
 Petrify                  Tmut/Erth      #.......     100%        4    #####..
 Sticky Flame             Conj/Fire      #.......     100%        4    #####..
 Summon Ice Beast         Ice/Summ       #.......     100%        4    #####..
 Summon Lightning Spire   Summ/Air       #.......     100%        4    #####..
 Throw Icicle             Conj/Ice       #.......     100%        4    #####..
 Alistair's Intoxication  Tmut/Pois      #.......     100%        5    ######.
 Bolt of Magma            Conj/Fire/Erth #.........   100%        5    ######.
 Borgnjor's Vile Clutch   Necr/Erth      #.........   100%        5    ######.
 Fireball                 Conj/Fire      #.........   100%        5    ######.
 Irradiate                Conj/Tmut      #.........   100%        5    ######.
 Lee's Rapid Deconstruct  Erth           #.........   100%        5    ######.
 Metabolic Englaciation   Hex/Ice        #.........   100%        5    ######.
 Silence                  Hex/Air        #.........   100%        5    ######.
 Summon Mana Viper        Hex/Summ       #.......     100%        5    ######.
 Venom Bolt               Conj/Pois      #.........   100%        5    ######.
 Yara's Violent Unravell  Hex/Tmut       #.........   100%        5    ######.
 Bolt of Cold             Conj/Ice       #.........   100%        6    #######
 Bolt of Fire             Conj/Fire      #.........   100%        6    #######
 Darkness                 Hex            #.........   100%        6    #######
 Invisibility             Hex            #.......     100%        6    #######
 Iron Shot                Conj/Erth      #.........   100%        6    #######
 Poison Arrow             Conj/Pois      #.........   100%        6    #######
 Shadow Creatures         Summ           N/A          100%        6    #######
 Statue Form              Tmut/Erth      #........    100%        6    #######
 Haunt                    Necr/Summ      #.........   100%        7    #######
 Malign Gateway           Summ/Tloc      #.........   100%        7    #######
 Monstrous Menagerie      Summ           #.........   100%        7    #######
 Ring of Flames           Chrm/Fire      #.........   100%        7    #######
 Spellforged Servitor     Conj/Summ      #.........   100%        7    #######
 Summon Greater Demon     Summ           #.........   100%        7    #######
 Summon Hydra             Summ           #.........   100%        7    #######
 Borgnjor's Revivificati  Necr           #.........   100%        8    #######
 Chain Lightning          Conj/Air       #.........   100%        8    #######
 Death's Door             Chrm/Necr      #.........   100%        8    #######
 Discord                  Hex            #.........   100%        8    #######
 Disjunction              Tloc           #.........   100%        8    #######
 Ignition                 Fire           #.........   100%        8    #######
 Infestation              Necr           #.........   100%        8    #######
 Lehudib's Crystal Spear  Conj/Erth      #.........   100%        8    #######
 Necromutation            Tmut/Necr      #.........   100%        8    #######
 Summon Horrible Things   Summ           #.........   100%        8    #######
 Fire Storm               Conj/Fire      #.........   100%        9    #######
 Glaciate                 Conj/Ice       #.........   100%        9    #######
 Shatter                  Erth           #.........   100%        9    #######
 Blink                    Tloc           Unusable     N/A         2    N/A

Dungeon Overview and Level Annotations

Branches:
Dungeon (1/1)

Altars:
Ashenzari
Cheibriados
Dithmenos
Elyvilon
Fedhas
Gozag
Hepliaklqana
Kikubaaqudgha
Makhleb
Nemelex Xobeh
Okawaru
Qazlal
Ru
Sif Muna
Trog
Uskayaw
Vehumet
Wu Jian
Xom
Yredelemnul
Zin
The Shining One
Beogh
Jiyva
Lugonu


Innate Abilities, Weirdness & Mutations

You cannot be hasted, slowed, berserked, paralysed or teleported.
You can dig through walls and to a lower floor.
Your four strong arms can wield two-handed weapons with a shield.
You have a pair of large antennae on your head. (SInv)
You are clumsy. (Dex -2)
Armour fits poorly on your strangely shaped body.
Your body sometimes deteriorates upon taking damage.
You are dopey. (Int -2)
Potions are less effective at restoring your health.
Your spells are a little easier to cast, but a little less powerful.


Message History

Strange energies course through your body.
Your connection to magic feels subdued.
You miss the orb of fire.
The orb of fire glows red.
The fireball explodes!
The fireball engulfs you! You resist.
* * * LOW HITPOINT WARNING * * *
You hear a sizzling sound!
The fireball engulfs the orb of fire.
The orb of fire completely resists.
Your system partially rejects the healing.
You feel much better.
The orb of fire glows deep purple.
The bolt of fire hits you! You resist.
* * * LOW HITPOINT WARNING * * *
You completely miss the orb of fire.
The orb of fire glows bright magenta.
Strange energies course through your body.
You feel clumsy.
The orb of fire glows bright magenta.
The fireball explodes!
The fireball engulfs you!! You resist.
You die...

▓.......≈...≈...▓..
▓......!)..≈....▓.▓
▓.......≈....≈..▓..
▓....[†(..≈.... ▓..
▓...▓.○....≈▓ ▓..
▓..▓▓▓....≈▓▓ .▓▓▓
▓.°.▓......≈▓...▓..
▓.*☼§........≈..▓..
▓.@.°...©.......▓..
▓▓▓▓▓▓▓▓▓▓▓▓▓▓▓▓▓..
▓.. {{{


{{{{{{{{{{{ ▓.. {{ {{{{{{{{{{{ ▓.. {{ {{{{{{{ ▓.. ▓.. ▓.▓ ▓.. You could see an
orb of fire.

Vanquished Creatures
  An ancient lich (D)
  An orb of fire (D)
  A pearl dragon (D)
  2 deep elf master archers (D)
  An acid blob (D)
  5 fire giants (D)
  A daeva (D)
  An azure jelly (D)
  3 frost giants (D)
  6 balrugs (D)
  A ghoul (D)
  A deep elf elementalist (D)
  An angel (D)
  An ophan (D)
  2 vampire knights (D)
  A deep elf annihilator (D)
  4 blizzard demons (D)
  3 merfolk javelineers (D)
  A death ooze (D)
  2 fire dragons (D)
  3 yaktaur captains (D)
  6 ice dragons (D)
  A hydra (shapeshifter) (D)
  3 centaur warriors (D)
  An anaconda (shapeshifter) (D)
  4 dancing weapons (D)
  An orc high priest (D)
  5 hell hogs (D)
  4 vampire magi (D)
  2 deep elf knights (D)
  An iron golem (D)
  A sixfirhy (D)
  2 cherubim (D)
  A skeletal warrior (D)
  A sea snake (shapeshifter) (D)
  A swamp dragon (D)
  A death drake (D)
  A swamp dragon (shapeshifter) (D)
  A deep elf archer (D)
  8 deep elf magi (D)
  An orb spider (shapeshifter) (D)
  3 cyclopes (D)
  A wolf spider (D)
  A manticore (shapeshifter) (D)
  A shining eye (D)
  2 ugly things (D)
  An elephant (shapeshifter) (D)
  A salamander (shapeshifter) (D)
  A naga mage (D)
  A rust devil (D)
  2 eyes of devastation (D)
  A torpor snail (shapeshifter) (D)
  4 yaktaurs (D)
  A tormentor (D)
  4 rime drakes (D)
  A freezing wraith (D)
  2 efreet (D)
  5 ice devils (D)
  2 merfolk (shapeshifter) (D)
  A jumping spider (D)
  2 polar bears (D)
  2 slime creatures (D)
  2 snapping turtles (shapeshifter) (D)
  An air elemental (D)
  A flying skull (D)
  A redback (D)
  2 spriggans (D)
  A wyvern (D)
  A ynoxinul (D)
  A wraith (D)
  2 shadows (D)
  A fire elemental (D)
  2 tarantellas (D)
  A neqoxec (D)
  A golden eye (D)
  A hog (shapeshifter) (D)
  A steam dragon (D)
  A naga (D)
  A swamp worm (shapeshifter) (D)
  An acid dragon (D)
  A water moccasin (D)
  A hell hound (D)
  A swamp drake (D)
  An ice beast (D)
  2 eyes of draining (D)
  4 centaurs (D)
  4 wolves (D)
  An earth elemental (D)
  4 scorpions (D)
  A wight (D)
  3 crimson imps (D)
  A quasit (D)
  2 iron imps (D)
  8 jellies (D)
  A small abomination (D)
  An adder (D)
  A shadow imp (D)
  3 white imps (D)
  2 oozes (D)
  2 adder zombies (D)
  3 adder skeletons (D)
  2 adder simulacra (D)
  A bat zombie (D)
  A ball python skeleton (D)
  2 bat simulacra (D)
  A jackal zombie (D)
  A quokka skeleton (D)
  A fire vortex (D)
205 creatures vanquished.

Vanquished Creatures (collateral kills)
  2 naga magi (D)
  A ball python (D)
3 creatures vanquished.

Grand Total: 208 creatures vanquished

Notes
Turn   | Place    | Note
-------+----------+-------------------------------------------
     0 | D        | Found the +6 Majin-Bo {vamp, Archmagi MP+6 Int+6}
     0 | D        | Found the +7 great mace "Firestarter" {inner flame, rF++}
     0 | D        | wilfster70 the Formicid Hunter began the quest for the Orb.
     0 | D        | Reached XP level 1. HP: 16/16 MP: 1/1
    16 | D        | Found a blossoming altar of Fedhas.
    17 | D        | Found a transporter.
    17 | D        | Found a viscous altar of Jiyva.
    17 | D        | Found an ancient bone altar of Kikubaaqudgha.
    17 | D        | Found a hazy altar of Hepliaklqana.
    17 | D        | Found a corrupted altar of Lugonu.
    17 | D        | Found an opulent altar of Gozag.
    17 | D        | Found a burning altar of Makhleb.
    18 | D        | Found a sacrificial altar of Ru.
    18 | D        | Found a stormy altar of Qazlal.
    18 | D        | Found a deep blue altar of Sif Muna.
    18 | D        | Found an iron altar of Okawaru.
    18 | D        | Found a bloodstained altar of Trog.
    18 | D        | Found a sparkling altar of Nemelex Xobeh.
    24 | D        | Found the +6 shillelagh "Devastator" {shatter}
    24 | D        | Found the +11 plutonium sword {*Contam Stlth-}
    24 | D        | Found the +8 lance "Wyrmbane" {slay drac, rPois rF+ rC+
                  | AC+3}
    24 | D        | Found the +9 sword of Zonguldrok {reap}
    24 | D        | Found the cursed +13 scythe of Curses {drain, *Curse}
    24 | D        | Found the +0 sword of Power
    24 | D        | Found the +7 mace of Variability {chain chaos}
    24 | D        | Found the +7 Singing Sword {slice, sonic wave}
    24 | D        | Found the +7 longbow "Piercer" {penet, EV-2}
    25 | D        | Found the +9 heavy crossbow "Sniper" {velocity, Acc+∞ SInv}
    25 | D        | Found the +10 dark maul {crush}
    25 | D        | Found the +15 Maxwell's patent armour {-Cast -Tele rElec
                  | MR+ rCorr}
    25 | D        | Found the +18 shield of the Gong {rElec rN+ MR+ EV-5}
    25 | D        | Found the cursed +14 obsidian axe {chop, +Fly SInv *Curse}
    63 | D        | Became a worshipper of Qazlal Stormbringer
    89 | D        | Entered arena 2.
    89 | D        | Noticed a jelly
    89 | D        | Noticed an eye of draining
    89 | D        | Found a transporter.
    92 | D        | Killed a jelly
    92 | D        | Reached skill level 5 in Crossbows
    92 | D        | Reached XP level 2. HP: 25/25 MP: 0/2
    92 | D        | Reached XP level 3. HP: 30/30 MP: 0/3
    94 | D        | Killed an eye of draining
    94 | D        | Reached skill level 5 in Fighting
    94 | D        | Reached skill level 6 in Crossbows
    94 | D        | Reached XP level 4. HP: 39/39 MP: 0/4
    94 | D        | Reached XP level 5. HP: 44/44 MP: 0/5
   146 | D        | Entered arena 3.
   146 | D        | Found a transporter.
   147 | D        | Reached * piety under Qazlal
   162 | D        | Entered arena 4.
   162 | D        | Noticed an eye of draining
   162 | D        | Noticed a golden eye
   162 | D        | Found a transporter.
   169 | D        | Reached ** piety under Qazlal
   177 | D        | Reached skill level 1 in Armour
   177 | D        | Reached skill level 1 in Shields
   177 | D        | Reached skill level 1 in Invocations
   177 | D        | Killed an eye of draining
   177 | D        | Reached skill level 7 in Crossbows
   177 | D        | Reached XP level 6. HP: 41/53 MP: 0/8
   207 | D        | Killed a golden eye
   207 | D        | Reached skill level 8 in Crossbows
   207 | D        | Reached XP level 7. HP: 53/60 MP: 4/10
   242 | D        | Entered arena 5.
   242 | D        | Found a transporter.
   244 | D        | Reached *** piety under Qazlal
   245 | D        | Reached skill level 5 in Invocations
   246 | D        | Reached skill level 9 in Crossbows
   247 | D        | Reached **** piety under Qazlal
   247 | D        | Reached skill level 5 in Shields
   266 | D        | Entered arena 6.
   266 | D        | Noticed a deep elf mage
   266 | D        | Noticed a deep elf mage
   266 | D        | Noticed a +3 long sword of holy wrath
   266 | D        | Noticed a deep elf knight
   266 | D        | Found a transporter.
   271 | D        | Killed a deep elf mage
   271 | D        | Reached skill level 10 in Crossbows
   271 | D        | Reached XP level 8. HP: 35/69 MP: 10/13
   273 | D        | Killed a deep elf knight
   273 | D        | Reached skill level 11 in Crossbows
   273 | D        | Reached XP level 9. HP: 38/76 MP: 10/14
   275 | D        | Killed a deep elf mage
   276 | D        | Killed a +3 long sword of holy wrath
   276 | D        | Reached ***** piety under Qazlal
   276 | D        | Reached skill level 10 in Fighting
   276 | D        | Reached skill level 12 in Crossbows
   437 | D        | Entered arena 7.
   439 | D        | Reached skill level 1 in Axes
   439 | D        | Reached XP level 10. HP: 86/86 MP: 17/17
   440 | D        | Reached skill level 13 in Crossbows
   445 | D        | Found a transporter.
   460 | D        | Got Xausiros's Grimoire of Venom and Malediction
   475 | D        | Entered arena 8.
   475 | D        | Noticed a +1 mace of protection
   475 | D        | Noticed a deep elf mage
   475 | D        | Noticed a deep elf elementalist
   475 | D        | Noticed a +0 mace of holy wrath
   475 | D        | Noticed a deep elf mage
   475 | D        | Noticed a deep elf mage
   476 | D        | Killed a deep elf mage
   476 | D        | Reached skill level 10 in Invocations
   478 | D        | Killed a +0 mace of holy wrath
   478 | D        | Reached skill level 14 in Crossbows
   479 | D        | Killed a +1 mace of protection
   479 | D        | Reached ****** piety under Qazlal
   479 | D        | Reached skill level 15 in Crossbows
   479 | D        | Reached skill level 10 in Armour
   483 | D        | Killed a deep elf elementalist
   483 | D        | Reached skill level 5 in Axes
   483 | D        | Reached XP level 11. HP: 89/95 MP: 19/19
   483 | D        | Killed a deep elf mage
   483 | D        | Reached skill level 16 in Crossbows
   488 | D        | Killed a deep elf mage
   491 | D        | Found a transporter.
   592 | D        | Entered arena 9.
   602 | D        | Found a transporter.
   664 | D        | Entered arena 10.
   664 | D        | Noticed a sixfirhy
   666 | D        | Reached skill level 17 in Crossbows
   666 | D        | Killed a sixfirhy
   668 | D        | Found a transporter.
   715 | D        | Entered arena 11.
   715 | D        | Noticed a wolf spider
   716 | D        | Killed a wolf spider
   718 | D        | Found a transporter.
   759 | D        | Entered arena 12.
   759 | D        | Noticed an angel
   759 | D        | Noticed a cherub
   759 | D        | Noticed a daeva
   759 | D        | Noticed a pearl dragon
   759 | D        | Noticed an ophan
   760 | D        | Noticed a cherub
   761 | D        | Killed a cherub
   761 | D        | Killed a daeva
   761 | D        | Reached skill level 18 in Crossbows
   761 | D        | Reached XP level 12. HP: 96/105 MP: 13/21
   764 | D        | Killed a pearl dragon
   765 | D        | Killed an ophan
   767 | D        | Killed an angel
   767 | D        | Reached skill level 19 in Crossbows
   771 | D        | Killed a cherub
   778 | D        | Found a transporter.
   788 | D        | Got the +1 pair of gloves of Poor Excuses {rPois MR++ Int+4
                  | Dex-4}
   844 | D        | Entered arena 13.
   844 | D        | Noticed a deep elf knight
   844 | D        | Noticed a deep elf master archer
   844 | D        | Noticed an orc high priest
   844 | D        | Noticed a +2 war axe of chopping
   845 | D        | Found the +2 robe of Vines {NoPotionHeal Regen+7}
   845 | D        | Noticed a deep elf master archer
   845 | D        | Noticed a deep elf annihilator
   845 | D        | Identified the +6 dagger of Soar {freeze, rElec rPois}
   846 | D        | Noticed a soul eater
   846 | D        | Reached skill level 10 in Axes
   846 | D        | Killed a +2 war axe of chopping
   846 | D        | Reached XP level 13. HP: 114/114 MP: 23/23
   847 | D        | Killed a deep elf annihilator
   847 | D        | Reached skill level 15 in Invocations
   847 | D        | Killed a deep elf master archer
   847 | D        | Reached skill level 15 in Fighting
   847 | D        | Reached skill level 20 in Crossbows
   847 | D        | Killed a deep elf master archer
   848 | D        | Found a transporter.
   927 | D        | Entered arena 14.
   927 | D        | Noticed an ice dragon
   927 | D        | Noticed an ice dragon
   927 | D        | Noticed an ice dragon
   929 | D        | Noticed an ice dragon
   929 | D        | Killed an ice dragon
   929 | D        | Reached skill level 5 in Dodging
   930 | D        | Killed an ice dragon
   930 | D        | Reached skill level 15 in Armour
   931 | D        | Killed an ice dragon
   931 | D        | Reached skill level 21 in Crossbows
   933 | D        | Killed an ice dragon
   935 | D        | Found the +8 orange crystal plate armour {Archmagi, Int+3
                  | Clar}
   935 | D        | Found a transporter.
   987 | D        | Reached XP level 14. HP: 124/124 MP: 21/26
  1002 | D        | Entered arena 15.
  1002 | D        | Noticed a vampire knight
  1003 | D        | Noticed a vampire knight
  1003 | D        | Killed a vampire knight
  1004 | D        | Noticed an ancient lich
  1005 | D        | Killed a vampire knight
  1005 | D        | Reached XP level 15. HP: 131/131 MP: 11/27
  1005 | D        | Identified the amulet "Cuzexist" {RegenMP MR++ Dex+6
                  | Slay-6}
  1008 | D        | Noticed a ghoul
  1010 | D        | Killed an ancient lich
  1010 | D        | Reached skill level 22 in Crossbows
  1013 | D        | Killed a ghoul
  1021 | D        | Found a transporter.
  1036 | D        | Got the Papyrus of Destructive Earth
  1117 | D        | Entered arena 16.
  1129 | D        | Found a transporter.
  1165 | D        | Entered arena 17.
  1167 | D        | Noticed an acid blob
  1168 | D        | Noticed an azure jelly
  1169 | D        | Killed an azure jelly
  1169 | D        | Reached skill level 10 in Dodging
  1169 | D        | Reached skill level 5 in Evocations
  1170 | D        | Killed an acid blob
  1170 | D        | Reached skill level 23 in Crossbows
  1172 | D        | Found a transporter.
  1194 | D        | Got the ring "Issayss" {rElec rPois Int+2 Dex+6}
  1202 | D        | Got the Reference Book on Venom
  1241 | D        | Entered arena 18.
  1247 | D        | Gained mutation: You are dopey. (Int -2) [a shining eye]
  1250 | D        | Noticed an emperor scorpion
  1250 | D        | a wolf spider changed into an emperor scorpion
  1252 | D        | an emperor scorpion changed into an eight-headed hydra
  1259 | D        | Found a transporter.
  1276 | D        | Got the ring "Hesexam" {rCorr +Fly rF- MR+ Dex+4}
  1292 | D        | Entered arena 19.
  1296 | D        | Reached XP level 16. HP: 144/145 MP: 29/29
  1297 | D        | Reached skill level 24 in Crossbows
  1309 | D        | Found a transporter.
  1344 | D        | Entered arena 20.
  1348 | D        | Noticed a frost giant
  1349 | D        | Reached skill level 10 in Evocations
  1349 | D        | Identified the ring "Cits" {rF+ Stlth+}
  1349 | D        | Noticed a frost giant
  1351 | D        | Killed a frost giant
  1351 | D        | Noticed a frost giant
  1357 | D        | Killed a frost giant
  1362 | D        | Killed a frost giant
  1362 | D        | Reached skill level 25 in Crossbows
  1371 | D        | Found a transporter.
  1389 | D        | Got the amulet of Gaphost {Spirit Str+6}
  1397 | D        | Got the +1 pair of boots "Solag" {rC+}
  1410 | D        | Got The Last Secrets of the Arcane Arts
  1414 | D        | Got the amulet of Figeyfe {Acrobat *Drain rPois MR+}
  1581 | D        | Entered arena 21.
  1584 | D        | Noticed a fire giant
  1584 | D        | Noticed a fire giant
  1585 | D        | Noticed a fire giant
  1586 | D        | Killed a fire giant
  1586 | D        | Killed a fire giant
  1587 | D        | Noticed an orb of fire
  1587 | D        | Killed a fire giant
  1587 | D        | Noticed a fire giant
  1589 | D        | Noticed an orb of fire
  1590 | D        | Gained mutation: Potions are less effective at restoring
                  | your health. [an orb of fire]
  1590 | D        | Identified the +11 falchion of Grontol {slice, Int+2}
  1590 | D        | Identified the ring of Ceutaece {rC+ Slay+2}
  1591 | D        | Noticed a fire giant
  1593 | D        | Killed a fire giant
  1593 | D        | Reached skill level 26 in Crossbows
  1593 | D        | Reached XP level 17. HP: 73/156 MP: 11/31
  1593 | D        | Gained mutation: Your body sometimes deteriorates upon
                  | taking damage. [an orb of fire]
  1595 | D        | Killed an orb of fire
  1595 | D        | Reached skill level 15 in Evocations
  1595 | D        | Gained mutation: Your body often deteriorates upon taking
                  | damage. [an orb of fire]
  1598 | D        | Gained mutation: Armour fits poorly on your strangely
                  | shaped body. [an orb of fire]
  1600 | D        | Lost mutation: Your body often deteriorates upon taking
                  | damage. [an orb of fire]
  1621 | D        | Gained mutation: Your spells are a little easier to cast,
                  | but a little less powerful. [an orb of fire]
  1624 | D        | Gained mutation: You are clumsy. (Dex -2) [an orb of fire]
  1624 | D        | Killed from afar by an orb of fire

Skill      XL: |  1  2  3  4  5  6  7  8  9 10 11 12 13 14 15 16 17 |
---------------+----------------------------------------------------+-----
Fighting       | 3 5 6 7 8 9 10 11 13 14 15 16 18 20 21 | 21.5
Crossbows      | 5 6 7 8 10 11 12 15 18 19 21 23 26 | 26.0
Dodging        | 3 4 6 7 11 12 | 12.0
Stealth        | 4 6 |  6.3
Armour         | 2 4 6 7 8 10 12 13 15 | 15.0
Shields        | 3 4 6 7 9 |  9.2
Invocations    | 3 4 6 7 9 11 13 14 16 19 21 22 | 22.5
Axes           | 1 5 8 10 | 10.0
Evocations     | 2 8 13 15 | 15.1

Action                   |  1- 3 |  4- 6 |  7- 9 | 10-12 | 13-15 | 16-18 || total
-------------------------+-------+-------+-------+-------+-------+-------++-------
Melee: Broad axe         |       |    15 |       |       |       |     5 ||    20
 Fire: Heavy crossbow    |     5 |     5 |    17 |    35 |    29 |    23 ||   114
Invok: Disaster Area     |       |       |       |     4 |    11 |     7 ||    22
       Elemental Force   |       |       |       |     1 |       |     1 ||     2
       Upheaval          |       |       |       |       |       |     1 ||     1
  Use: Potion            |       |       |     1 |       |     1 |    11 ||    13
       Scroll            |       |       |       |     2 |       |     4 ||     6
  Eat: Chunk             |       |       |       |       |     1 |     1 ||     2
Armor: Gold dragon scale |     2 |    22 |    15 |    37 |    10 |     1 ||    87
Dodge: Dodged            |       |       |       |     3 |     2 |     4 ||     9
       Deflected         |       |       |       |     2 |     3 |     2 ||     7
Block: Shield            |     2 |     5 |    36 |    77 |    22 |    13 ||   155
